 Dungeon Sprint DCSS version 0.20.0-15-g7f486f2 (webtiles) character file.

26901 Naow the Axe Maniac (level 13, -6/130 HPs)
             Began as a Hill Orc Fighter on June 10, 2017.
             Was the Champion of Zin.
             Mangled by a six-headed hydra (7 damage)
             ... in the Dungeon (Sprint IX: "|||||||||||||||||||||||||||||").
             The game lasted 00:15:19 (4832 turns).

Naow the Axe Maniac (Hill Orc Fighter)              Turns: 4832, Time: 00:15:19

Health: -6/130     AC: 25    Str: 27    XL:     13   Next: 29%
Magic:  26/26      EV:  8    Int:  9    God:    Zin [******]
Gold:   1892       SH:  0    Dex: 10    Spells: 12/12 levels left

rFire    . . .     SeeInvis .   K - +0 executioner's axe
rCold    . . .     Gourm    .   (shield currently unavailable)
rNeg     . . .     Faith    .   E - +2 plate armour
rPois    .         Spirit   .   B - +0 helmet
rElec    +         Reflect  .   r - +0 cloak
rCorr    +         Harm     .   F - +0 pair of gloves of Oddofry {rElec rCorr Int-2 Stlth+}
MR       .....     NoTele   +   q - +0 pair of boots
Stlth    ..........             (no amulet)
Regen    0.4/turn               t - +3 ring of strength
MPRegen  0.2/turn               u - +3 ring of intelligence

@: no status effects
A: no striking features
a: Recite, Vitalisation, Imprison, Sanctuary, Donate Gold, Cure All Mutations,
Renounce Religion


You were in the Dungeon.
You worshipped Zin.
Zin was exalted by your worship.
You were not hungry.

You visited 1 branch You collected 1904 gold pieces.
You donated 12 gold pieces to Zin.

Inventory:

Hand Weapons
 a - a +0 war axe
 v - a +3 war axe of chopping
 K - a +0 executioner's axe (weapon)
Armour
 c - a +0 shield
 q - a +0 pair of boots (worn)
 r - a +0 cloak (worn)
 B - a +0 helmet (worn)
 E - a +2 plate armour (worn)
 F - the +0 pair of gloves of Oddofry (worn) {rElec rCorr Int-2 Stlth+}
   (You found it in the Dungeon)

   It affects your intelligence (-2).
   It insulates you from electricity.
   It protects you from acid and corrosion.
   It makes you more stealthy.
Jewellery
 t - a +3 ring of strength (left hand)
 u - a +3 ring of intelligence (right hand)
 C - an uncursed ring of fire
 D - an uncursed ring of protection from fire
Wands
 p - a wand of lightning (0/15)
Scrolls
 k - 2 scrolls of blinking
 l - 2 scrolls of recharging
 n - 4 scrolls of remove curse
 o - 2 scrolls of amnesia
 x - 2 scrolls of enchant armour
 y - 2 scrolls of fog
 I - a scroll of identify
 J - 2 scrolls of enchant weapon
Potions
 d - 3 potions of might
 e - 2 potions of curing
 h - 2 potions of haste
 i - 4 potions of magic
 j - 2 potions of berserk rage
 m - 3 potions of invisibility
 H - a potion of brilliance
Miscellaneous
 w - a lightning rod (4/4)
Comestibles
 f - 13 bread rations
 z - 40 fruits
 A - 10 meat rations


   Skills:
 + Level 16.6 Fighting
 O Level 27 Axes
 + Level 15.4 Armour
 + Level 0.4 Dodging
 - Level 3.6 Shields
 - Level 18.3 Invocations


You had 12 spell levels left.
You didn't know any spells.

Dungeon Overview and Level Annotations

Branches:
Dungeon (1/1)

Altars:
Cheibriados
Dithmenos
Elyvilon
Fedhas
Gozag
Hepliaklqana
Kikubaaqudgha
Makhleb
Nemelex Xobeh
Okawaru
Qazlal
Ru
Sif Muna
Trog
Uskayaw
Vehumet
Xom
Yredelemnul
Zin
The Shining One
Beogh
Jiyva
Lugonu

Shops:
D *}}[


Message History

The noxious blast engulfs the eight-headed hydra.
The eight-headed hydra appears unharmed.
You feel better.
You are engulfed in noxious fumes.
The six-headed hydra bites you!
* * * LOW HITPOINT WARNING * * *
The six-headed hydra barely misses you. The six-headed hydra bites you!
* * * LOW HITPOINT WARNING * * *
The six-headed hydra bites you.
* * * LOW HITPOINT WARNING * * *
The six-headed hydra bites you but does no damage. x2
You are engulfed in noxious fumes.
You choke on the stench!
You are confused.
* * * LOW HITPOINT WARNING * * *
The briar patch crumbles away.
You bump into the unnaturally hard rock wall.
You feel less confused. The six-headed hydra bites you!
* * * LOW HITPOINT WARNING * * *
The six-headed hydra bites you!
You die...

♣§♣.▓)▓.▓)▓.▓.▓.▓_
♣y♣.▓[▓.▓.▓.▓.▓.▓_
♣y♣.▓)▓.▓)▓.▓.▓.▓'
♣k♣.▓)▓.▓)▓.▓[▓.▓.
▓.▓.▓.▓.▓.▓.▓.▓.▓.
▓D▓.▓=▓.▓)▓.▓)▓.▓.
▓f▓.▓=▓(▓.▓.▓.▓.▓.
▓D▓.▓.▓(▓.▓.▓.▓.▓.
▓@▓.▓.▓.▓.▓.▓.▓.▓'
▓.▓.▓'▓(▓.▓.▓.▓.▓.
▓.▓.▓.▓)▓.▓.▓!▓.▓.
▓.▓.▓.▓)▓.▓.▓'▓.▓.
▓.▓.▓.▓.▓.▓.▓.▓.▓.
▓.▓.▓.▓.▓.▓.▓.▓.▓.
▓.▓.▓.▓.▓.▓.▓.▓.▓'
▓.▓.▓.▓.▓.▓.▓.▓.▓.
▓.▓.▓.▓.▓.▓.▓.▓.▓.


You could see a thorn hunter, an eight-headed hydra, a six-headed hydra, a swamp
drake and 2 vampire mosquitoes.

Vanquished Creatures
  A stone giant (D)
  Azrael (D)
  A very ugly thing (D)
  2 dire elephants (D)
  Snorg (D)
  An ettin (D)
  A fire dragon (D)
  5 ogre magi (D)
  2 hydras (D)
  Harold (D)
  2 centaur warriors (D)
  A two-headed ogre (D)
  2 vampire magi (D)
  An orc high priest (D)
  5 deep trolls (D)
  Joseph (D)
  6 elephants (D)
  Psyche (D)
  4 spiny frogs (D)
  A yaktaur (D)
  A komodo dragon (D)
  4 trolls (D)
  A dream sheep (D)
  A basilisk (D)
  A yak (D)
  A vampire mosquito (D)
  A hungry ghost (D)
  4 fire elementals (D)
  2 hell hounds (D)
  2 water moccasins (D)
  11 orc warriors (D)
  A porcupine (D)
  2 ice beasts (D)
  An ogre (D)
  3 wolves (D)
  A centaur (D)
  2 crocodiles (D)
  2 bullfrogs (D)
  A scorpion (D)
  3 orc priests (D)
  A hound (D)
  A jelly (D)
  4 orc wizards (D)
  A worker ant (D)
  An ooze (D)
  An adder zombie (D)
  An adder skeleton (D)
  A dart slug (D)
  A leopard gecko (D)
  9 orcs (D)
  A bat skeleton (D)
  A giant cockroach (D)
  A quokka (D)
  A frilled lizard (D)
  2 jackal skeletons (D)
  A jackal zombie (D)
  A pillar of salt (D)
114 creatures vanquished.

Vanquished Creatures (others)
  A pillar of salt (D)
1 creature vanquished.

Grand Total: 115 creatures vanquished

Notes
Turn   | Place    | Note
-------+----------+-------------------------------------------
     0 | D        | Naow the Hill Orc Fighter began the quest for the Orb.
     0 | D        | Reached XP level 1. HP: 19/19 MP: 1/1
    10 | D        | Reached skill level 4 in Axes
    10 | D        | Reached XP level 2. HP: 26/27 MP: 2/2
    13 | D        | Reached skill level 5 in Axes
    35 | D        | Reached skill level 6 in Axes
    46 | D        | Reached skill level 8 in Axes
    46 | D        | Reached XP level 3. HP: 20/33 MP: 3/3
    54 | D        | Reached skill level 10 in Axes
    54 | D        | Reached XP level 4. HP: 20/40 MP: 4/4
   209 | D        | Found a roughly hewn altar of Beogh.
   209 | D        | Found a snail-covered altar of Cheibriados.
   209 | D        | Found a shadowy altar of Dithmenos.
   209 | D        | Found a white marble altar of Elyvilon.
   209 | D        | Found a blossoming altar of Fedhas.
   209 | D        | Found an opulent altar of Gozag.
   210 | D        | Found a hazy altar of Hepliaklqana.
   211 | D        | Found a viscous altar of Jiyva.
   212 | D        | Found an ancient bone altar of Kikubaaqudgha.
   213 | D        | Found a corrupted altar of Lugonu.
   214 | D        | Found a burning altar of Makhleb.
   215 | D        | Found a sparkling altar of Nemelex Xobeh.
   216 | D        | Found an iron altar of Okawaru.
   217 | D        | Found a stormy altar of Qazlal.
   218 | D        | Found a sacrificial altar of Ru.
   219 | D        | Found a deep blue altar of Sif Muna.
   220 | D        | Found a bloodstained altar of Trog.
   221 | D        | Found a hide-covered altar of Uskayaw.
   222 | D        | Found a radiant altar of Vehumet.
   224 | D        | Found a shimmering altar of Xom.
   225 | D        | Found a basalt altar of Yredelemnul.
   226 | D        | Found a glowing silver altar of Zin.
   227 | D        | Found a glowing golden altar of the Shining One.
   236 | D        | Became a worshipper of Zin the Law-Giver
   289 | D        | Noticed an ice beast
   289 | D        | Noticed a centaur
   289 | D        | Noticed an ogre
   294 | D        | Killed an ogre
   294 | D        | Reached skill level 13 in Axes
   294 | D        | Reached XP level 5. HP: 46/46 MP: 5/5
   297 | D        | Killed a centaur
   297 | D        | Reached skill level 14 in Axes
   297 | D        | Reached XP level 6. HP: 41/52 MP: 6/6
   300 | D        | Killed an ice beast
   300 | D        | Reached skill level 16 in Axes
   373 | D        | Noticed an orc warrior
   373 | D        | Noticed an ice beast
   373 | D        | Noticed a troll
   373 | D        | Noticed a troll
   373 | D        | Noticed a vampire mosquito
   383 | D        | Killed a vampire mosquito
   383 | D        | Reached skill level 5 in Armour
   383 | D        | Reached XP level 7. HP: 49/63 MP: 7/7
   390 | D        | Killed a troll
   390 | D        | Reached skill level 17 in Axes
   395 | D        | Killed a troll
   395 | D        | Reached XP level 8. HP: 29/75 MP: 8/8
   406 | D        | Reached skill level 18 in Axes
   765 | D        | Noticed a six-headed hydra
   765 | D        | Noticed a yak
   770 | D        | Noticed a spiny frog
   772 | D        | Killed a yak
   776 | D        | Noticed a spiny frog
   782 | D        | Reached skill level 10 in Fighting
   783 | D        | Reached XP level 9. HP: 48/86 MP: 9/9
   784 | D        | Noticed a spiny frog
   784 | D        | Killed a seven-headed hydra
   784 | D        | Reached skill level 19 in Axes
   784 | D        | Reached skill level 10 in Armour
   789 | D        | Killed a spiny frog
   794 | D        | Killed a spiny frog
   798 | D        | Killed a spiny frog
   798 | D        | Reached skill level 20 in Axes
   798 | D        | Reached XP level 10. HP: 10/100 MP: 10/10
  1151 | D        | Noticed a spiny frog
  1156 | D        | Killed a spiny frog
  1444 | D        | Noticed an elephant
  1444 | D        | Noticed an elephant
  1444 | D        | Noticed an elephant
  1444 | D        | Noticed a dire elephant
  1444 | D        | Noticed a dire elephant
  1444 | D        | Noticed an elephant
  1458 | D        | Killed a dire elephant
  1458 | D        | Reached skill level 21 in Axes
  1472 | D        | Killed a dire elephant
  1477 | D        | Killed an elephant
  1477 | D        | Reached skill level 15 in Fighting
  1477 | D        | Reached XP level 11. HP: 31/112 MP: 11/11
  1500 | D        | Reached skill level 22 in Axes
  1875 | D        | Noticed Harold
  1891 | D        | Killed Harold
  1891 | D        | Reached skill level 15 in Armour
  2020 | D        | Noticed an orc high priest
  2036 | D        | Noticed a soul eater
  2038 | D        | Killed an orc high priest
  2054 | D        | Reached * piety under Zin
  2054 | D        | Reached ** piety under Zin
  2054 | D        | Reached *** piety under Zin
  2054 | D        | Reached **** piety under Zin
  2054 | D        | Reached ***** piety under Zin
  2054 | D        | Reached ****** piety under Zin
  2384 | D        | Reached skill level 5 in Invocations
  2453 | D        | Found Jekle's Armour Boutique.
  2453 | D        | Noticed a deep troll
  2453 | D        | Noticed an ettin
  2453 | D        | Noticed an ogre mage
  2454 | D        | Noticed a deep troll
  2457 | D        | Killed a deep troll
  2459 | D        | Noticed an ogre mage
  2460 | D        | Killed an ogre mage
  2460 | D        | Reached skill level 10 in Invocations
  2461 | D        | Found Ozoafia's Gadget Shop.
  2468 | D        | Killed an ettin
  2472 | D        | Killed a deep troll
  2472 | D        | Reached XP level 12. HP: 116/124 MP: 16/21
  2474 | D        | Found Fuomus Efro's Gadget Boutique.
  2475 | D        | Noticed an ogre mage
  2483 | D        | Killed an ogre mage
  2488 | D        | Killed an ogre mage
  2490 | D        | Noticed an ogre mage
  2492 | D        | Found Nihocri's General Store.
  2497 | D        | Reached skill level 15 in Invocations
  2504 | D        | Killed an ogre mage
  2522 | D        | Noticed an ogre mage
  2534 | D        | Killed an ogre mage
  2765 | D        | Noticed Psyche
  2771 | D        | Killed Psyche
  2829 | D        | Noticed Joseph
  2839 | D        | Killed Joseph
  2910 | D        | Got the +0 pair of gloves of Oddofry {rElec rCorr Int-2 Stlth+}
  3025 | D        | Noticed a two-headed ogre
  3025 | D        | Noticed a centaur warrior
  3029 | D        | Noticed a vampire mage
  3034 | D        | Killed a centaur warrior
  3043 | D        | Killed a two-headed ogre
  3043 | D        | Reached skill level 23 in Axes
  3054 | D        | Killed a vampire mage
  3062 | D        | Noticed a fire dragon
  3063 | D        | Noticed a red very ugly thing
  3065 | D        | Noticed a vampire mage
  3066 | D        | Noticed a stone giant
  3149 | D        | Killed a red very ugly thing
  3149 | D        | Reached skill level 24 in Axes
  3592 | D        | Killed a fire dragon
  3602 | D        | HP: 6/124 [something/vampiric draining (23)]
  3605 | D        | HP: 2/124 [something (9)]
  3647 | D        | HP: 5/124 [phantasmal warrior[a vampire mage] (13)]
  3660 | D        | Killed a vampire mage
  4060 | D        | Noticed a centaur warrior
  4065 | D        | Reached skill level 25 in Axes
  4072 | D        | Killed a centaur warrior
  4072 | D        | Reached XP level 13. HP: 109/130 MP: 26/26
  4204 | D        | Killed a stone giant
  4420 | D        | Noticed Snorg
  4423 | D        | Noticed Azrael
  4432 | D        | Killed Snorg
  4432 | D        | Reached skill level 26 in Axes
  4443 | D        | Killed Azrael
  4808 | D        | Noticed a thorn hunter
  4819 | D        | Reached skill level 27 in Axes
  4832 | D        | HP: 1/130 [six-headed hydra (9)]
  4832 | D        | Mangled by a six-headed hydra

Skill      XL: |  1  2  3  4  5  6  7  8  9 10 11 12 13 |
---------------+----------------------------------------+-----
Axes           | 4 8 10 13 14 16 17 18 20 21 22 25 27 | 27.0
Fighting       | 6 8 10 12 15 16 | 16.6
Armour         | 5 7 9 11 14 15 | 15.4
Invocations    | 12 18 | 18.3
Dodging        | |  0.4
Shields        | |  3.6

Action                   |  1- 3 |  4- 6 |  7- 9 | 10-12 | 13-15 || total
-------------------------+-------+-------+-------+-------+-------++-------
Melee: War axe           |    39 |    23 |    47 |   317 |       ||   426
       Executioner's axe |       |       |       |       |    34 ||    34
Invok: Vitalisation      |       |       |       |     4 |     1 ||     5
       Recite            |       |       |       |     4 |     2 ||     6
       Imprison          |       |       |       |     2 |       ||     2
       Sanctuary         |       |       |       |     1 |       ||     1
Evoke: Wand              |       |       |     7 |       |       ||     7
  Use: Potion            |       |       |     1 |     9 |     2 ||    12
       Scroll            |       |       |       |     1 |       ||     1
 Stab: Confused          |       |       |       |     3 |       ||     3
  Eat: Chunk             |       |       |       |     3 |       ||     3
       Meat ration       |       |       |       |     2 |       ||     2
Armor: Scale mail        |    13 |     1 |       |       |       ||    14
       Plate armour      |       |     8 |    27 |   113 |    66 ||   214
Dodge: Dodged            |    15 |     2 |    11 |    38 |    26 ||    92
Block: Shield            |    16 |     7 |    29 |    96 |       ||   148
